 Dungeon Crawl Stone Soup version 0.24-a0-581-gc0fa6600bf (webtiles) character file.

Game seed: 11782331990191018040

8817 Chimkentus the Fey Octopus (level 11, -1/74 HPs)
             Began as an Octopode Transmuter on Aug 25, 2019.
             Was a Believer of Yredelemnul.
             Impaled on a porcupine's spines (13 damage)
             ... on level 1 of the Lair of Beasts.
             The game lasted 02:17:35 (15580 turns).

Chimkentus the Fey Octopus (Octopode Transmuter)   Turns: 15580, Time: 02:17:35

Health: -1/74      AC:  1    Str: 12    XL:     11   Next: 36%
Magic:  19/19      EV: 15    Int: 20    God:    Yredelemnul [**....]
Gold:   851        SH:  5    Dex: 13    Spells: 6/21 levels left

rFire    + . .     SeeInvis .   h - +3 dagger (elec)
rCold    . . .     Gourm    .   O - +0 buckler
rNeg     . . .     Faith    .   (helmet restricted)
rPois    .         Spirit   .   l - amulet of magic regeneration
rElec    .         Reflect  .   i - +4 ring of intelligence
rCorr    .         Harm     .   B - ring of wizardry
MR       .....                  (no ring)
Stlth    ++++......             (no ring)
HPRegen  0.22/turn              (no ring)
MPRegen  0.41/turn              (no ring)
                                (no ring)
                                (no ring)

@: injury mirror
A: almost no armour, stealthy swim, amphibious, 8 rings, constrict 8, antennae
1, camouflage 1, fire resistance 1, gelatinous body 1, evolution 1
a: Animate Remains, Recall Undead Slaves, Injury Mirror, Renounce Religion


You were on level 1 of the Lair of Beasts.
You worshipped Yredelemnul.
Yredelemnul was pleased with you.
You were near starving.

You visited 3 branches of the dungeon, and saw 12 of its levels.
You also visited: Sewer and Bailey.

You collected 851 gold pieces.

Inventory:

Hand Weapons
 h - a +3 dagger of electrocution (weapon)
 q - a +0 fustibalus
 y - a +0 war axe
 C - a +1 short sword of protection
 D - the cursed +1 double sword of the Land of Plenty {antimagic, rF- Str+5 Stlth+}
   (You took it off an orc warrior in a bailey)

   It reduces the magical energy of the wielder, and disrupts the spells and
   magical abilities of those hit.
   Natural abilities and divine invocations are not affected.
   It affects your strength (+5).
   It makes you vulnerable to fire.
   It makes you more stealthy.
   It has a curse placed upon it.
 E - a +2 dagger of speed
Missiles
 a - 83 arrows
 g - 22 poisoned darts (quivered)
 F - 57 boomerangs
 J - 14 sling bullets
 K - 3 javelins
Armour
 O - a +0 buckler (worn)
Jewellery
 i - a +4 ring of intelligence (left tentacle)
 l - an amulet of magic regeneration (around mantle)
 z - an uncursed amulet of rage
 B - a ring of wizardry (right tentacle)
Wands
 j - a wand of disintegration (9)
 u - a wand of random effects (19)
 N - a wand of flame (15)
Scrolls
 d - a scroll of teleportation
 e - a scroll of torment
 n - a scroll of vulnerability {unknown}
 p - a scroll of fog
 r - a scroll of random uselessness {unknown}
 x - a scroll of fear
 G - a scroll of immolation {unknown}
 I - a scroll of acquirement {unknown}
 M - a scroll of amnesia {unknown}
 P - a scroll of enchant armour {unknown}
Potions
 b - 2 potions of brilliance
 k - 3 potions of curing
 o - 4 potions of lignification
 s - 3 potions of heal wounds
 t - 3 potions of ambrosia
 v - 4 potions of haste
 w - 5 potions of magic
 A - a potion of invisibility {unknown}
 H - a potion of flight {unknown}
 Q - 2 potions of agility
Comestibles
 c - 24 rations


   Skills:
 * Level 6.5 Fighting
 + Level 2.1 Short Blades
 + Level 2.3 Axes
 + Level 0.6(3.4) Slings
 + Level 5.4(5.5) Throwing
 + Level 5.0 Dodging
 + Level 4.7 Stealth
 * Level 4.1 Shields
 + Level 4.4 Unarmed Combat
 + Level 5.7 Spellcasting
 * Level 7.6 Transmutations
 + Level 1.5 Poison Magic
 * Level 8.0 Invocations
 + Level 2.3 Evocations


You had 6 spell levels left.
You knew the following spells:

 Your Spells              Type           Power        Failure   Level  Hunger
a - Beastly Appendage     Tmut           #####.       1%          1    None
b - Sticks to Snakes      Tmut           #####...     1%          2    None
c - Spider Form           Tmut/Pois      ###.......   1%          3    ##.....
d - Blade Hands           Tmut           #####.....   5%          5    #####..
e - Ice Form              Ice/Tmut       ###.....     9%          4    ####...

Your spell library contained the following spells:

 Spells                   Type           Power        Failure   Level  Hunger


Dungeon Overview and Level Annotations

Branches:
Dungeon (10/15)            Temple (1/1) D:4            Lair (1/6) D:8
    Orc (0/2) D:10          Sewer (visited)          Bailey (visited)

Altars:
Ashenzari
Cheibriados
Dithmenos
Elyvilon
Fedhas
Gozag
Hepliaklqana
Kikubaaqudgha
Makhleb
Nemelex Xobeh
Okawaru
Qazlal
Ru
Sif Muna
Trog
Uskayaw
Vehumet
Wu Jian
Xom
Yredelemnul
Zin
The Shining One

Shops:
D:9 *

Portals:
Gauntlet: Lair:1


Innate Abilities, Weirdness & Mutations

You cannot wear most types of armour.
You are very stealthy in the water. (Stealth+)
You are amphibious.
You can wear up to eight rings at the same time.
You can use your tentacles to constrict eight enemies at once.
Your skin changes colour to match your surroundings (Stealth+).
Your rubbery body absorbs attacks. (AC +1, EV +1)
You have a pair of small antennae on your head.
Your flesh is heat resistant. (rF+)
You evolve.


Message History

The porcupine bites you! Yredelemnul mirrors your injury!
The porcupine is heavily wounded.
The porcupine bites you. Yredelemnul mirrors your injury!
The porcupine is heavily wounded.
You hit the porcupine.
The porcupine is almost dead.
The porcupine bites you!
* * * LOW HITPOINT WARNING * * *
Yredelemnul mirrors your injury!
You kill the porcupine!
Yredelemnul accepts your kill.
Your Invocations skill increases to level 8!
You can no longer animate legions of the dead.
Yredelemnul will no longer gift you servants.
The porcupine closely misses you.
You are struck by the porcupine's spines.
You die...
Your body rises from the dead as a mindless zombie.

*******,,,,,,,,,,,,* *,,,*,,,,
,***,***,,,,***,,*** *#..#.,,,
,,*,,,**,**** **** #...,,,,
*,*,*,**,** #..#,,,,
,,*,,,**,,*#*##* #..##,,,
,*,*,*,*,###.#.#* ##...##,*
*,,,*,,*,.......##### #.....###
*,*,*,©*©..#......#P#####........
*,,,*,,*,*#....†@.............##.
,*,*,*,*,$.....r...#.#........###
,,*,,,**,##.......####.......####
*,*,*,**,,#P......# #...P....##.
,,*,,,**,........## #...........
,***,***,.####.### #.......<...
*******,,** #.,* *#.......###.
**,***,,,,** ##** #P....##..###
,,,,,,,,,,,** ##....##..# #


You could see a porcupine.

Vanquished Creatures
  2 two-headed ogres
  Joseph (D:8)
  A troll (D:10)
  A hornet (D:8)
  2 hippogriffs
  A wraith (D:9)
  A wyvern (D:9)
  2 hungry ghosts
  2 soldier ants (D:9)
  A water moccasin (D:8)
  3 porcupines
  3 sky beasts
  2 ice beasts
  2 phantoms
  7 orc warriors
  4 ogres
  4 centaurs
  A crocodile (D:8)
  2 big kobolds (Sewer)
  A gnoll sergeant (D:10)
  2 bullfrogs (D:6)
  4 scorpions
  11 killer bees
  6 howler monkeys
  3 crimson imps
  8 orc priests
  3 jellies
  Crazy Yiuf (D:2)
  A bullfrog skeleton (D:5)
  A centaur skeleton (D:7)
  2 hounds
  7 orc wizards
  An iguana (D:8)
  Jessica (D:3)
  Terence (D:3)
  Natasha (thrice) (D:3)
  3 worker ants
  A killer bee zombie (D:9)
  A hound zombie (D:6)
  A hound skeleton (D:6)
  A worker ant zombie (D:8)
  8 gnolls
  24 adders
  2 river rats (Sewer)
  2 shadow imps (D:5)
  2 oozes
  An adder zombie (D:6)
  An adder skeleton (D:9)
  10 dart slugs
  4 worms
  9 leopard geckos
  29 orcs
  8 giant cockroaches
  13 goblins
  10 hobgoblins
  3 jackals (D:7)
  4 quokkas
  5 ball pythons
  11 bats
  8 frilled lizards
  23 kobolds
  A quokka skeleton (D:5)
  12 rats
295 creatures vanquished.

Vanquished Creatures (collateral kills)
  A black mamba (Lair:1)
  Grinder (D:3)
  A black bear (D:8)
  An orc warrior (D:8)
  A necrophage (D:10)
  A sky beast (D:9)
  An ogre (D:7)
  A phantom (D:10)
  A bullfrog (D:7)
  A wyvern zombie (D:10)
  A killer bee (D:10)
  3 hounds
  An orc wizard (D:3)
  A worker ant (D:4)
  A killer bee zombie (D:9)
  2 gnolls (D:10)
  2 adders
  An adder zombie (D:9)
  A worm (Sewer)
  4 orcs
  A hobgoblin (D:3)
  2 quokkas
  3 ball pythons
  A frilled lizard (D:4)
  A kobold (D:2)
  A fungus (D:8)
36 creatures vanquished.

Vanquished Creatures (others)
  A hippogriff zombie (D:8)
  A wyvern skeleton (D:9)
  3 centaur skeletons
  A porcupine skeleton (D:8)
  4 killer bee zombies
  3 sky beast zombies
  3 hound skeletons
  A mummy (D:9)
  2 worker ant zombies (D:5)
  2 scorpion zombies (D:8)
  4 adder skeletons
  3 adder zombies
  A felid skeleton (D:3)
  3 bat skeletons (D:3)
  2 gnoll zombies
  A river rat zombie (Sewer)
  2 ball python skeletons (D:3)
  3 ball python zombies
  A dart slug zombie (D:5)
  A frilled lizard zombie (D:3)
  2 gnoll skeletons (D:8)
  A goblin skeleton (Bailey)
  2 hobgoblin skeletons (D:3)
  2 jackal zombies (D:7)
  A kobold (Bailey)
  2 kobold zombies (Sewer)
  5 leopard gecko skeletons
  8 orc skeletons
  7 orc zombies
  2 quokka skeletons
  2 quokka zombies
  10 fungi (D:8)
  2 plants (D:8)
88 creatures vanquished.

Grand Total: 419 creatures vanquished

Notes
Turn   | Place    | Note
-------+----------+-------------------------------------------
     0 | D:1      | Chimkentus the Octopode Transmuter began the quest for the
                  | Orb.
     0 | D:1      | Reached XP level 1. HP: 13/13 MP: 3/3
   265 | D:2      | Found a basalt altar of Yredelemnul.
   290 | D:2      | Reached XP level 2. HP: 18/18 MP: 3/5
   294 | D:2      | Learned a level 2 spell: Sticks to Snakes
   353 | D:2      | Reached XP level 3. HP: 23/23 MP: 6/6
  1138 | D:1      | Learned a level 3 spell: Spider Form
  1182 | D:2      | Reached XP level 4. HP: 28/28 MP: 3/7
  1245 | D:2      | Became a worshipper of Yredelemnul the Dark
  1254 | D:2      | Reached skill level 1 in Stealth
  1761 | D:2      | Found a runed translucent door.
  1762 | D:2      | Noticed Crazy Yiuf
  2037 | D:2      | Killed Crazy Yiuf
  2037 | D:2      | Reached XP level 5. HP: 15/34 MP: 6/9
  2250 | D:3      | Noticed Terence
  2310 | D:3      | Reached skill level 1 in Throwing
  2349 | D:3      | Found a snail-covered altar of Cheibriados.
  2385 | D:3      | Reached * piety under Yredelemnul
  2407 | D:3      | Noticed Jessica
  2415 | D:3      | Killed Jessica
  2462 | D:3      | Found a glowing drain.
  2466 | Sewer    | Entered a sewer
  2620 | Sewer    | Reached skill level 1 in Invocations
  2620 | Sewer    | Reached XP level 6. HP: 24/39 MP: 8/10
  3278 | D:3      | Noticed Grinder
  3373 | D:3      | Paralysed by Grinder for 4 turns
  3388 | D:3      | Paralysed by Grinder for 7 turns
  3391 | D:3      | Killed Grinder
  3391 | D:3      | Reached skill level 2 in Invocations
  3391 | D:3      | Reached XP level 7. HP: 24/45 MP: 11/11
  3425 | D:3      | Reached ** piety under Yredelemnul
  3912 | D:3      | Noticed Natasha
  3935 | D:3      | Killed Natasha
  4159 | D:3      | Your ally Natasha died
  4189 | D:3      | Killed Terence
  4273 | D:3      | Noticed Natasha
  4279 | D:3      | Killed Natasha
  4455 | D:3      | Noticed Natasha
  4477 | D:3      | Killed Natasha
  4847 | D:4      | Reached skill level 3 in Invocations
  5056 | D:4      | Found a staircase to the Ecumenical Temple.
  5187 | D:4      | Found a bloodstained altar of Trog.
  5368 | Temple   | Entered the Ecumenical Temple
  5596 | D:5      | Entered Level 5 of the Dungeon
  5636 | D:4      | Reached skill level 1 in Axes
  5636 | D:4      | Reached XP level 8. HP: 35/52 MP: 13/13
  5828 | D:5      | Reached skill level 1 in Evocations
  6202 | D:5      | Found a shattered altar of Ashenzari.
  6289 | D:5      | Found a shadowy altar of Dithmenos.
  6676 | D:5      | Found a stormy altar of Qazlal.
  6931 | D:6      | Reached skill level 4 in Invocations
  7961 | D:6      | Reached XP level 9. HP: 42/58 MP: 15/15
  7991 | D:6      | Found a glowing golden altar of the Shining One.
  8117 | D:6      | Reached skill level 5 in Invocations
  8781 | D:7      | Found a hide-covered altar of Uskayaw.
  8791 | D:7      | Reached *** piety under Yredelemnul
  8912 | D:7      | Reached skill level 1 in Poison Magic
  9344 | D:8      | Found a burning altar of Makhleb.
  9551 | D:8      | Found a flagged portal.
  9570 | Bailey   | Entered a bailey
  9849 | Bailey   | Reached skill level 1 in Shields
  9849 | Bailey   | Reached skill level 6 in Invocations
  9904 | Bailey   | Identified the cursed +1 double sword of the Land of Plenty
                  | {antimagic, rF- Str+5 Stlth+}
  9926 | Bailey   | Reached skill level 5 in Transmutations
 10006 | Bailey   | Found a burning altar of Makhleb.
 10088 | D:8      | Reached XP level 10. HP: 24/65 MP: 16/16
 10144 | D:8      | Reached skill level 1 in Short Blades
 10394 | D:8      | Noticed a two-headed ogre
 10831 | D:8      | Reached skill level 5 in Fighting
 10896 | D:8      | Noticed Joseph
 11024 | D:8      | Killed Joseph
 11024 | D:8      | Reached **** piety under Yredelemnul
 11255 | D:8      | Found a staircase to the Lair.
 11921 | D:8      | Gained mutation: Scrolls take you a little longer to read.
                  | [potion of mutation]
 11921 | D:8      | Gained mutation: You are dopey. (Int -2) [potion of
                  | mutation]
 11921 | D:8      | Gained mutation: You have a pair of small antennae on your
                  | head. [potion of mutation]
 11922 | D:8      | Gained mutation: You evolve. [potion of mutation]
 11922 | D:8      | Gained mutation: Your flesh is heat resistant. (rF+)
                  | [potion of mutation]
 11967 | D:9      | Got an ichor-stained battleaxe
 11973 | D:9      | Reached skill level 7 in Invocations
 11983 | D:9      | Identified the cursed +1 battleaxe of Contradiction {venom,
                  | rF+ MR+} (You found it on level 9 of the Dungeon)
 12152 | D:8      | Reached skill level 5 in Throwing
 12340 | D:8      | Lost mutation: You are dopey. (Int -2) [evolution]
 12386 | D:9      | Found an ornate altar of the Wu Jian Council.
 12411 | D:9      | Received a gift from Yredelemnul (a mummy)
 12644 | D:9      | Learned a level 5 spell: Blade Hands
 12649 | D:9      | Learned a level 4 spell: Ice Form
 12688 | D:9      | Reached skill level 5 in Spellcasting
 12871 | D:9      | Found a shimmering blue altar of Sif Muna.
 12882 | D:9      | Found Gozag's Platinum Reserve.
 12894 | D:9      | Found an opulent altar of Gozag.
 13123 | D:9      | Found a hazy altar of Hepliaklqana.
 13420 | D:8      | Killed a two-headed ogre
 13656 | D:7      | Lost mutation: Scrolls take you a little longer to read.
                  | [evolution]
 13980 | D:9      | Reached XP level 11. HP: 71/72 MP: 13/19
 14043 | D:9      | Found a blossoming altar of Fedhas.
 14065 | D:10     | Entered Level 10 of the Dungeon
 14219 | D:10     | Noticed a two-headed ogre
 14254 | D:10     | Reached skill level 5 in Dodging
 14828 | D:10     | Found a staircase to the Orcish Mines.
 15081 | D:10     | Killed a two-headed ogre
 15500 | Lair:1   | Entered Level 1 of the Lair of Beasts
 15565 | Lair:1   | Found a gate leading to a gauntlet.
 15579 | Lair:1   | Reached skill level 8 in Invocations
 15580 | Lair:1   | Impaled on a porcupine's spines

Levels and vault maps discovered:
D:1:      dpeg_arrival_tiny_h, layout_loops_ring
D:2:      layout_rooms, yredelemnul_altar_generic, first_ration,
          uniq_crazy_yiuf_cottage
D:3:      layout_basic, marbit_many_paths, gup_sewer_entry_bowl,
          kennysheep_generic_room_2, uniq_natasha, uniq_grinder, uniq_terence,
          uniq_jessica
D:4:      layout_basic, bloody_trog, minmay_temple_entry_stoned_glass
D:5:      kennysheep_slugbush, layout_basic, grunt_dithmenos_smoke_and_mirrors,
          nicolae_qazlal_eye_of_the_storm, cheibrodos_ashenzari_chains
D:6:      layout_basic, lemuel_doored_altar
D:7:      layout_basic, nicolae_overflow_hidden_temple
D:8:      layout_layer_cave, makhleb_grotto_becter,
          grunt_lair_entry_orc_guard_hut, chequers_ossuary_entry_cave,
          enter_bailey_2, uniq_joseph
D:9:      layout_cave_pools, kennysheep_mini, fedhas_altar_2,
          nicolae_overflow_crystal_walls, kennysheep_mini_moat,
          hangedman_pestilent_swarm, nicolae_gozag_zags_fifth_avenue
D:10:     layout_irregular_city, orc_0_dummy, minmay_door_square,
          kennysheep_path_1, hangedman_decor_slide_cut
Temple:   jpeg_temple_alley_garden
Lair:1:   layout_loops_ring, gauntlet_entry_generic, gammafunk_ghost_hive,
          grunt_megastairs_2, infiniplex_staircase_pool, lemuel_fruit_tree,
          uniq_gastronok

Skill      XL: |  1  2  3  4  5  6  7  8  9 10 11 |
---------------+----------------------------------+-----
Stealth        | 1 2 4 |  4.7
Throwing       | 2 3 4 5 |  5.4
Fighting       | 2 3 4 5 6 |  6.5
Invocations    | 1 2 3 4 6 7 8 |  8.0
Dodging        | 3 4 5 |  5.0
Spellcasting   | 3 4 5 |  5.7
Unarmed Combat | 4 |  4.4
Transmutations | 3 4 5 7 |  7.6
Axes           | 1 2 |  2.3
Evocations     | 1 2 |  2.3
Poison Magic   | 1 |  1.5
Shields        | 1 3 4 |  4.1
Short Blades   | 1 2 |  2.1
Slings         | |  0.6

Action                   |  1- 3 |  4- 6 |  7- 9 | 10-12 || total
-------------------------+-------+-------+-------+-------++-------
Melee: Unarmed           |    59 |   109 |    24 |    21 ||   213
       Constrict         |    18 |    18 |    38 |    28 ||   102
       Tentacles         |     8 |     9 |    26 |    38 ||    81
       Kick              |     8 |    15 |    33 |    37 ||    93
       Punch             |     1 |     1 |     8 |     2 ||    12
       War axe           |       |       |   117 |       ||   117
       Dagger            |       |       |    91 |   159 ||   250
       Short sword       |       |       |       |    19 ||    19
 Fire: Hunting sling     |     6 |       |       |       ||     6
Throw: Dart              |    33 |    49 |   105 |    52 ||   239
       Boomerang         |       |       |    92 |    19 ||   111
       Javelin           |       |       |       |     7 ||     7
 Cast: Beastly Appendage |    24 |    23 |    61 |    43 ||   151
       Sticks to Snakes  |     1 |     7 |    15 |    28 ||    51
       Spider Form       |     1 |     7 |     5 |     2 ||    15
       Blade Hands       |       |       |       |     1 ||     1
Invok: Animate Remains   |       |     9 |    35 |     6 ||    50
       Injury Mirror     |       |       |     2 |     8 ||    10
       Recall Undead Sla |       |       |     5 |     1 ||     6
       Animate Dead      |       |       |    14 |    24 ||    38
 Abil: End Transformatio |       |       |     1 |     1 ||     2
Evoke: Wand              |       |     4 |    44 |    25 ||    73
  Use: Scroll            |       |     3 |    13 |     8 ||    24
       Potion            |       |       |       |     5 ||     5
 Stab: Sleeping          |     3 |     2 |    15 |     4 ||    24
       Paralysed         |       |       |     3 |       ||     3
       Distracted        |       |       |     2 |     2 ||     4
  Eat: Chunk             |     1 |     7 |    34 |    23 ||    65
       Ration            |       |     1 |     3 |     1 ||     5
Armor: Skin              |     7 |     5 |    19 |    13 ||    44
Dodge: Dodged            |    35 |    77 |   210 |   170 ||   492
Block: Buckler           |       |       |    19 |    49 ||    68

Table legend:
 A = Non-vault XP
 B = Vault XP
 C = Vault XP percentage of total XP
 D = Non-vault monster count
 E = Vault monster count
 F = Vault count percentage of total count
                 A         B        C        D         E       F
            +---------+---------+-------+---------+---------+-------
      Total |    9933 |    2663 |  21.1 |     265 |      65 |  19.7
            +---------+---------+-------+---------+---------+-------
        D:1 |      45 |       0 |   0.0 |      30 |       0 |   0.0
        D:2 |     108 |      41 |  27.5 |      24 |       1 |   4.0
        D:3 |     186 |     367 |  66.4 |      31 |      12 |  27.9
        D:4 |     258 |       0 |   0.0 |      24 |       0 |   0.0
        D:5 |     218 |      36 |  14.2 |      14 |       9 |  39.1
        D:6 |    1119 |       0 |   0.0 |      28 |       0 |   0.0
        D:7 |    1039 |       0 |   0.0 |      20 |       0 |   0.0
        D:8 |    2524 |    1250 |  33.1 |      38 |       8 |  17.4
        D:9 |    1435 |     280 |  16.3 |      25 |       3 |  10.7
       D:10 |    2533 |       0 |   0.0 |      29 |       0 |   0.0
     Lair:1 |     468 |       0 |   0.0 |       2 |       0 |   0.0
      Sewer |       0 |     262 | 100.0 |       0 |      17 | 100.0
     Bailey |       0 |     427 | 100.0 |       0 |      15 | 100.0
            +---------+---------+-------+---------+---------+-------
